 Dungeon Crawl Stone Soup version 0.18-a0-46-g45ca8e4 (webtiles) character file.

22 4thArraOfDagon the Gusty (level 2, 0/25 HPs)
             Began as a Centaur Air Elementalist on Nov 6, 2015.
             Slain by an orc
             ... wielding a +0 hand axe
              (9 damage)
             ... on level 6 of the Dungeon.
             The game lasted 00:03:45 (699 turns).

4thArraOfDagon the Gusty (Centaur Air Elementalist)  Turns: 699, Time: 00:03:45

Health: 0/25       AC:  4    Str: 10    XL:     2   Next: 68%
Magic:  1/4        EV:  9    Int: 14    God:
Gold:   8          SH:  0    Dex:  9    Spells: 1 memorised, 3 levels left

rFire  . . .     SeeInvis .     e - +0 short sword
rCold  . . .     Clarity  .     a - +0 robe
rNeg   . . .     SustAt   .     (no shield)
rPois  .         Gourm    .     (no helmet)
rElec  .         Spirit   .     (no cloak)
rCorr  .         Warding  .     (no gloves)
rMut   .         Stasis   .     (no barding)
MR     .....                    (no amulet)
Stlth  +.........               (no ring)
                                (no ring)

@: very quick, not resistant to hostile enchantments, very unstealthy
A: hooves 3, deformed body, speed 2, tough skin 3
a: no special abilities


You were on level 6 of the Dungeon.
You were not hungry.

You visited 1 branch of the dungeon, and saw 6 of its levels.

You collected 8 gold pieces.

Inventory:

Hand Weapons
 e - a +0 short sword (weapon)
Missiles
 f - 22 stones (quivered)
Armour
 a - a +0 robe (worn)
 n - a +0 ring mail
Scrolls
 g - a scroll of fog {unknown}
 i - 2 scrolls of immolation {unknown}
 j - 2 scrolls of enchant armour {unknown}
 k - a scroll of recharging {unknown}
 m - a scroll of identify {unknown}
Potions
 h - a potion of invisibility
 l - 2 potions of mutation {unknown}
Books
 b - a book of Air

   Spells                             Type                      Level
   a - Shock                          Conjuration/Air              1
   b - Swiftness                      Charms/Air                   2
   c - Repel Missiles                 Charms/Air                   2
   d - Static Discharge               Conjuration/Air              3
   e - Lightning Bolt                 Conjuration/Air              5
Comestibles
 c - a bread ration
 d - a meat ration


   Skills:
 + Level 2.4 Fighting
 - Level 1.3 Dodging
 - Level 1.2 Stealth
 - Level 1.5 Spellcasting
 - Level 0.8 Conjurations
 - Level 2.6 Air Magic


You had 3 spell levels left.
You knew the following spells:

 Your Spells              Type           Power        Failure   Level  Hunger
a - Shock                 Conj/Air       #...         14%         1    ##.....


Dungeon Overview and Level Annotations

Branches:
Dungeon (6/15)
 Temple: D:4-7

Altars:
Dithmenos

Annotations:
D:2 Natasha
D:4 Dowan; Duffy's ghost, novice HuAs; Duvessa


Innate Abilities, Weirdness & Mutations

You have hooves in place of feet.
Armour fits poorly on your strangely shaped body.
You cover ground very quickly.
You have extremely tough skin (AC +3).


Message History

Aim: an orc, wielding a hand axe The zap misses the orc.
The zap hits the worm.
The worm is lightly wounded.
Casting: Shock
Confirm with . or Enter, or press ? or * to list all spells.
Aiming: Shock
Press: ? - help, Shift-Dir - straight line, f/p - orc
Aim: an orc, wielding a hand axe The zap misses the orc.
The zap hits the worm.
The worm is lightly wounded.
Casting: Shock
Confirm with . or Enter, or press ? or * to list all spells.
Aiming: Shock
Press: ? - help, Shift-Dir - straight line, p - orc The zap hits the orc.
The orc is moderately wounded.
The zap hits the orc.
The orc is severely wounded.
The orc hits you with a hand axe!
You die...

.. #.# ### #.# ##
..##.##.## ........####
##..........
#.###.......# #
#.......@# #. #
######o## #. # #.# #. #
#.# ##.## # ##w## ...#
# ##...## ..# #
##.....## ###.# ##
#.......## ##.#.# #.
#.........####....####.


You could see a worm and an orc.

Vanquished Creatures
  An adder (D:2)
  2 ball pythons (D:1)
  A giant cockroach (D:1)
  4 hobgoblins (D:2)
  A bat (D:2)
  2 kobolds (D:2)
  4 rats
15 creatures vanquished.

Notes
Turn   | Place    | Note
--------------------------------------------------------------
     0 | D:1      | 4thArraOfDagon the Centaur Air Elementalist began the quest for the Orb.
     0 | D:1      | Reached XP level 1. HP: 14/14 MP: 3/3
    94 | D:2      | Reached skill level 1 in Fighting
   222 | D:2      | Reached XP level 2. HP: 23/23 MP: 4/4
   244 | D:2      | Noticed Natasha
   607 | D:4      | Noticed Dowan
   608 | D:4      | Noticed Duvessa
   611 | D:4      | Noticed Duffy's ghost (novice HuAs)
   621 | D:5      | Entered Level 5 of the Dungeon
   621 | D:5      | Noticed a phantom
   648 | D:6      | Found a shadowy altar of Dithmenos.
   648 | D:6      | Noticed a phantom
   699 | D:6      | Slain by an orc

Vault maps used:
D:1:      evilmike_arrival_run_for_it, serial_bayou_pond_a
D:2:      uniq_natasha
D:3:      amethyst_overflow_temple_binary, okawaru_altar_gauntlet_db,
          makhleb_heckhound_becter
D:4:      elyvilon_altar_3, minmay_temple_entry_statues_fountains, uniq_duvessa
D:5:      lemuel_blue_sif_altar, first_bread, kennysheep_diamond,
          grunt_ministairs_2
D:6:      grunt_dithmenos_shadows, fountainhead, uniq_sigmund

Action                   || total
-------------------------++-------
Melee: Short sword       ||    29
       Unarmed           ||     8
 Cast: Shock             ||    13
